 Dungeon Crawl Stone Soup version 0.17-a0-128-g90bd1c5 (webtiles) character file.

648 Tabbe the Cudgeler (level 7, -2/78 HPs)
             Began as an Ogre Berserker on Mar 23, 2015.
             Was a Priest of Trog.
             Slain by an ogre
             ... wielding a +0 giant club
              (7 damage)
             ... on level 7 of the Dungeon.
             The game lasted 00:05:12 (3900 turns).

Tabbe the Cudgeler (Ogre Berserker)                 Turns: 3900, Time: 00:05:12

Health: -2/78      AC:  7    Str: 25    XL:     7   Next: 53%
Magic:  7/7        EV: 10    Int:  6    God:    Trog [***...]
Gold:   240        SH:  0    Dex:  9    Spells: 0 memorised, 6 levels left

rFire  . . .     SeeInvis .     s - +1 hand axe (drain)
rCold  . . .     Clarity  .     b - +0 animal skin
rNeg   . . .     SustAb   .     (shield restricted)
rPois  .         Gourm    +     (helmet restricted)
rElec  .         Spirit   .     (no cloak)
rCorr  .         Warding  .     (gloves unavailable)
rMut   .         Stasis   .     (boots unavailable)
MR     ++...                    e - amulet of the gourmand
Stlth  +.........               (no ring)
                                q - +4 ring of protection

@: exhausted, regenerating, slowed, very slow, very resistant to hostile
enchantments, very unstealthy
A: unfitting armour, tough skin 1
a: Burn Spellbooks, Berserk, Trog's Hand, Renounce Religion


You were on level 7 of the Dungeon.
You worshipped Trog.
Trog was most pleased with you.
You were not hungry.

You visited 1 branch of the dungeon, and saw 6 of its levels.

You collected 240 gold pieces.

Inventory:

Hand weapons
 a - a +0 mace
 s - a +1 hand axe of draining (weapon)
 E - a +0 giant club
Armour
 b - a +0 animal skin (worn)
Jewellery
 e - an amulet of the gourmand (around neck)
 q - a +4 ring of protection (left hand)
 x - an uncursed ring of positive energy {unknown}
Magical devices
 y - a wand of draining (9)
Scrolls
 d - 2 scrolls of enchant armour {unknown}
 f - 6 scrolls of identify {unknown}
 k - 2 scrolls of magic mapping {unknown}
 l - 3 scrolls of teleportation {unknown}
 n - 2 scrolls of enchant weapon {unknown}
 t - a scroll of random uselessness {unknown}
 B - a scroll of fog {unknown}
 C - 2 scrolls of remove curse {unknown}
 D - a scroll of blinking {unknown}
Potions
 g - a potion of flight {unknown}
 h - a potion of magic {unknown}
 i - a potion of restore abilities {unknown}
 j - a potion of brilliance {unknown}
 m - 2 potions of heal wounds {unknown}
 o - 3 potions of resistance {unknown}
 p - a potion of invisibility {unknown}
 r - a potion of curing {unknown}
 u - a potion of beneficial mutation {unknown}
 z - a potion of haste {unknown}
Comestibles
 c - 3 meat rations
 v - 2 bread rations
 w - a royal jelly
 A - a beef jerky


   Skills:
 * Level 7.5 Fighting
 * Level 7.9 Maces & Flails
 - Level 1.5 Armour
 + Level 3.6 Dodging


You had 6 spell levels left.
You didn't know any spells.

Dungeon Overview and Level Annotations

Branches:
Dungeon (7/15)
 Temple: D:4-7

Altars:
Dithmenos
Elyvilon
Qazlal
Trog

Annotations:
D:7 Prince Ribbit


Innate Abilities, Weirdness & Mutations

You are too large for most types of armour.
You have tough skin (AC +1).


Message History

You hit the ogre.
The ogre is heavily wounded.
The ogre hits you with a giant club!
* * * LOW HITPOINT WARNING * * *
You barely miss the ogre.
The ogre is heavily wounded.
You are no longer berserk.
You are exhausted.
You feel yourself slow down.
Unknown command.
You hit the ogre.
The ogre is severely wounded.
Prince Ribbit momentarily phases out as your attack passes through him.
Prince Ribbit is moderately wounded.
Prince Ribbit catches a fly with his tongue.
Prince Ribbit hits you but does no damage.
The ogre hits you with a giant club!
* * * LOW HITPOINT WARNING * * *
Prince Ribbit blinks!
The ogre hits you with a giant club!
You die...

#.... #.... #....
##?..# ####....# #
.......≈.### ....
##.†.###.....
#†##......###
##.##@...F...#
#...O#§.###...
#.......#
#.#...#.## #
#.##......#.#
..##.##......#....
#. #.##.#.........
..#.......###..
#................


You could see Prince Ribbit and an ogre.

Vanquished Creatures
  An ice beast (D:5)
  An ogre (D:5)
  A sky beast (D:7)
  A hound (D:5)
  A crimson imp (D:5)
  An iguana (D:4)
  2 orc priests (D:4)
  A worker ant (D:5)
  4 gnolls (D:4)
  6 adders
  A giant mite (D:3)
  A worm (D:2)
  5 giant geckos
  3 orcs
  A ball python (D:1)
  9 bats
  7 goblins
  13 hobgoblins
  11 kobolds
  5 giant cockroaches
  A giant gecko zombie (D:3)
  6 giant newts
  7 jackals
  2 rats
91 creatures vanquished.

Notes
Turn   | Place    | Note
--------------------------------------------------------------
     0 | D:1      | Tabbe, the Ogre Berserker, began the quest for the Orb.
     0 | D:1      | Reached XP level 1. HP: 24/24 MP: 1/1
   378 | D:1      | Reached XP level 2. HP: 33/33 MP: 2/2
   837 | D:1      | Acquired Trog's second power
   895 | D:1      | Reached XP level 3. HP: 36/40 MP: 3/3
  1205 | D:2      | Found a white marble altar of Elyvilon.
  1391 | D:2      | Reached skill level 5 in Maces & Flails
  1464 | D:2      | Reached XP level 4. HP: 26/49 MP: 4/4
  1849 | D:2      | Found a shadowy altar of Dithmenos.
  2031 | D:3      | Reached skill level 5 in Fighting
  2617 | D:4      | Reached XP level 5. HP: 50/57 MP: 5/5
  2641 | D:4      | Reached skill level 6 in Maces & Flails
  3068 | D:4      | Reached XP level 6. HP: 38/67 MP: 6/6
  3429 | D:4      | Found a bloodstained altar of Trog.
  3430 | D:4      | Found a stormy altar of Qazlal.
  3682 | D:5      | Entered Level 5 of the Dungeon
  3696 | D:5      | Reached skill level 7 in Maces & Flails
  3764 | D:5      | Reached XP level 7. HP: 62/78 MP: 7/7
  3869 | D:5      | You fall through a shaft for 2 floors!
  3869 | D:7      | Noticed Prince Ribbit
  3900 | D:7      | Slain by an ogre

Action                   |  1- 3 |  4- 6 |  7- 9 || total
-------------------------+-------+-------+-------++-------
Melee: Mace              |   112 |    52 |       ||   164
       Hand axe          |       |   144 |    48 ||   192
Invok: Berserk           |       |       |     1 ||     1
       Trog's Hand       |       |       |     1 ||     1
 Stab: Distracted        |     1 |       |       ||     1
  Eat: Chunk             |     1 |    11 |       ||    12
       Royal jelly       |       |     1 |       ||     1
